 Dungeon Crawl Stone Soup version 0.18.1-1-g2f07953 (webtiles) character file.

611619 Wooh the Conqueror (level 27, -10/271 HPs)
             Began as a Merfolk Gladiator on May 6, 2016.
             Was the Champion of Dithmenos.
             Killed by divine providence
             ... invoked by a greater mummy
              (17 damage)
             ... on level 1 of the Tomb of the Ancients on May 7, 2016.
             The game lasted 07:00:35 (76530 turns).

Wooh the Conqueror (Merfolk Gladiator)             Turns: 76530, Time: 07:00:36

Health: -10/271    AC: 22    Str: 15    XL:     27
Magic:  30/30      EV: 37    Int: 14    God:    Dithmenos [******]
Gold:   6476       SH: 23    Dex: 35    Spells: 0 memorised, 26 levels left

rFire  + . .     SeeInvis +     w - +6 demon trident (pierce)
rCold  + . .     Gourm    .     T - +3 scale mail of Resourcefulness {Regen+}
rNeg   + + +     Faith    .     U - +6 shield of Philately {rElec rN+ Str+2}
rPois  +         Spirit   .     Q - +2 hat {MR+}
rElec  +         Dismiss  .     g - +2 cloak
rCorr  .         Reflect  .     v - +2 pair of gloves of the Last Places {rN++ Str-4 Int+4 Stlth+}
SustAt .         Harm     .     h - +0 pair of boots "Nofios" {rElec MR++ SInv Stlth-}
MR     +++++     Rnd*Rage +     o - amulet of Vitality {Regen+ HP+15}
Stlth  ++++++....               R - ring "Ehegiyba" {rC+ Dex+4 SInv}
                                V - ring of Disaster {Int+4 Dex+6 Stlth-}

@: exhausted, about to teleport, very slightly contaminated, non-regenerating,
mildly diseased, slowed, wreathed by umbra, very slow, almost entirely resistant
to hostile enchantments, very stealthy
A: change form in water, swift swim, rugged brown scales 1, agile 1, berserk 2,
deformed body, dopey 2, fire resistance 1, low mp 1, poison resistance,
screaming 1, wild magic 1, evolution 1, no device heal 1, MP-powered wands
a: Shadow Step, Shadow Form, Renounce Religion
}: 3/15 runes: decaying, serpentine, silver


You were on level 1 of the Tomb of the Ancients.
You worshipped Dithmenos.
Dithmenos was exalted by your worship.
You were not hungry.

You visited 12 branches of the dungeon, and saw 54 of its levels.
You also visited: Labyrinth, Ice Cave and Volcano.

You collected 6782 gold pieces.
You spent 306 gold pieces at shops.

Inventory:

Hand Weapons
 w - a +6 demon trident of piercing (weapon)
Missiles
 d - 3 throwing nets (quivered)
 i - 20 javelins
Armour
 g - a +2 cloak (worn)
 h - the +0 pair of boots "Nofios" (worn) {rElec MR++ SInv Stlth-}
   (You acquired it on level 3 of the Depths)

   It insulates you from electricity.
   It affects your resistance to hostile enchantments.
   It lets you see invisible.
   It makes you less stealthy.
 n - a +5 storm dragon armour
 v - the +2 pair of gloves of the Last Places (worn) {rN++ Str-4 Int+4 Stlth+}
   (You found it on level 5 of the Dungeon)

   It affects your strength (-4).
   It affects your intelligence (+4).
   It greatly protects you from negative energy.
   It makes you more stealthy.
 E - a +2 pair of boots of flying
 F - the +2 pair of gloves of Feputuc {Int-2 Dex+3 Stlth+}
   (You found it on level 1 of the Snake Pit)

   It affects your intelligence (-2).
   It affects your dexterity (+3).
   It makes you more stealthy.
 Q - a +2 hat of magic resistance (worn)
 T - the +3 scale mail of Resourcefulness (worn) {Regen+}
   (You found it on level 3 of the Elven Halls)

   It increases your rate of regeneration.
 U - the +6 shield of Philately (worn) {rElec rN+ Str+2}
   (You found it on level 2 of the Realm of Zot)

   It affects your strength (+2).
   It insulates you from electricity.
   It protects you from negative energy.
Jewellery
 j - an uncursed ring of positive energy
 o - the amulet of Vitality (around neck) {Regen+ HP+15}
   (You found it on level 14 of the Dungeon)

   [amulet of regeneration]

   It affects your health (+15).
   It increases your rate of regeneration.
 C - an uncursed ring of resist corrosion
 R - the ring "Ehegiyba" (right hand) {rC+ Dex+4 SInv}
   (You found it on level 3 of the Elven Halls)

   [ring of see invisible]

   It affects your dexterity (+4).
   It protects you from cold.
   It lets you see invisible.
 V - the ring of Disaster (left hand) {Int+4 Dex+6 Stlth-}
   (You found it on level 5 of the Vaults)

   [ring of loudness]

   It affects your intelligence (+4).
   It affects your dexterity (+6).
   It makes you less stealthy.
Wands
 c - a wand of digging (15/24)
 r - a wand of teleportation (3/9)
 K - a wand of heal wounds (4/9)
 W - a wand of teleportation (6/9)
Scrolls
 a - 2 scrolls of teleportation
 p - 6 scrolls of fear
 q - 14 scrolls of remove curse
 s - 8 scrolls of magic mapping
 y - 15 scrolls of identify
 A - 3 scrolls of blinking
 B - 3 scrolls of summoning
 H - 6 scrolls of holy word
 J - 4 scrolls of recharging
Potions
 b - 16 potions of curing
 e - 2 potions of heal wounds
 k - a potion of magic
 l - 5 potions of might
 x - 4 potions of haste
 D - 3 potions of ambrosia
 G - a potion of resistance
 I - 4 potions of berserk rage
 L - a potion of cancellation
 N - 2 potions of invisibility
 O - a potion of agility
Miscellaneous
 m - a fan of gales
 z - a stone of tremors
 X - a sack of spiders
 Z - a phantom mirror
Comestibles
 f - 18 bread rations
 M - 12 slices of pizza


   Skills:
 O Level 27 Fighting
 - Level 14.0 Polearms
 - Level 2.0 Throwing
 + Level 15.9 Armour
 O Level 27 Dodging
 - Level 11.0 Stealth
 - Level 18.8 Shields
 - Level 14.0 Invocations
 - Level 9.0 Evocations


You had 26 spell levels left.
You didn't know any spells.

Dungeon Overview and Level Annotations

Branches:
Dungeon (15/15)            Temple (0/1) D:6            Lair (8/8) D:11
  Swamp (4/4) Lair:3        Snake (4/4) Lair:4        Slime (1/6) Lair:8
    Orc (2/2) D:10            Elf (3/3) Orc:2        Vaults (5/5) D:13
  Crypt (3/3) Vaults:2       Tomb (1/3) Crypt:3      Depths (5/5) D:15
    Zot (3/5) Depths:5

Altars:
Ashenzari
Cheibriados
Dithmenos
Fedhas
Gozag
Kikubaaqudgha
Nemelex Xobeh
Okawaru
Pakellas
Qazlal
Sif Muna
Trog
Xom
Yredelemnul
Zin

Shops:
D:10 %[*%   Orc:2 !([*=   Snake:1 ?   Depths:2 (

Portals:
Hell: Depths:1 Depths:2 Depths:3 Depths:4 Depths:5
Abyss: Depths:1 Depths:4
Pandemonium: Depths:3
Ziggurat: Depths:3

Annotations:
Crypt:2 Frederick
Depths:2 Aizul


Innate Abilities, Weirdness & Mutations

You revert to your normal form in water.
You are very nimble and swift while swimming.
You are partially covered in rugged brown scales (AC +1, +3% HP).
You are agile. (Dex +2)
You often lose your temper in combat.
Armour fits poorly on your strangely shaped body.
You are very dopey. (Int -4)
Your flesh is heat resistant.
Your magical capacity is low (-10% MP).
Your system is resistant to poisons.
You occasionally shout uncontrollably at your foes.
Your spells are a little harder to cast, but a little more powerful.
You evolve.
Potions and wands are less effective at restoring your health.
You expend magic power (3 MP) to strengthen your wands.


Message History

You impale the greater mummy!!
The greater mummy is lightly damaged.
You hear a deep rumbling!
The mummy priest mumbles some strange prayers to its god against you.
Something smites you!
* * * LOW HITPOINT WARNING * * *
The greater mummy gestures wildly while chanting.
Read which item? (? for menu, Esc to quit)
As you read the scroll of teleportation, it crumbles to dust.
You feel strangely unstable.
The greater mummy calls on the powers of darkness!
The emperor scorpion convulses! x2; Your body is wracked with pain!
* * * LOW HITPOINT WARNING * * *
The emperor scorpion convulses!
The greater mummy mumbles some strange words.
The greater mummy hits you!!
* * * LOW HITPOINT WARNING * * *
The greater mummy points at you and mumbles some strange words.
Something smites you!
You die...

#.........# #.........##..#
#.........##..#
#.........##M.# ####
#.........##..##....
#.........##..#...M.
#.........##.ss..#
#.........##M...#
#.........##@..#
#.........##sM##
#.........##8.S#
#.........##...S#
#.........##..S.M#
#.........##M.#...8
#.........##..##S...
#.........##### ####
#.........##################M


You could see 5 greater mummies, 3 emperor scorpions, a mummy priest, 4 mana
vipers and 2 ushabtiu.

Vanquished Creatures
  Mennas (Depths:5)
  2 ancient liches (Vaults:4)
  Sojobo (Depths:2)
  Boris (Depths:4)
  Saint Roka (Snake:1)
  2 curse toes
  Margery (Depths:3)
  A Killer Klown (Depths:5)
  Vashnia (Snake:2)
  A golden dragon (Depths:4)
  Nikola (Swamp:1)
  Jory (Vaults:4)
  A bone dragon (Zot:1)
  3 liches
  Jorgrun (Swamp:2)
  An electric golem (Zot:1)
  11 tentacled monstrosities
  3 deep elf blademasters
  7 titans
  2 quicksilver dragons (Depths:4)
  2 deep elf master archers (Elf:3)
  An ancient champion (Crypt:3)
  9 sphinxes
  4 death cobs
  Frances (Snake:2)
  Gastronok (D:10)
  4 draconian monks
  10 tengu reavers
  8 storm dragons
  5 revenants
  2 thorn hunters
  Roxanne (Swamp:1)
  6 shadow dragons
  11 greater nagas
  8 frost giants
  3 draconian knights
  9 fire giants
  2 draconian scorchers
  Donald (Crypt:2)
  2 orc warlords
  3 iron dragons
  15 vault wardens
  2 deep elf sorcerers
  6 curse skulls
  9 ghouls (Crypt:3)
  16 ironheart preservers
  6 deep elf elementalists
  A draconian annihilator (Zot:1)
  19 very ugly things
  4 draconian zealots (Zot:1)
  2 draconian callers
  13 vampire knights
  26 stone giants
  2 draconian shifters
  Nessos (D:15)
  2 salamander stormcallers
  4 green draconians
  5 black draconians (Zot:1)
  9 deep elf demonologists
  6 yellow draconians
  4 purple draconians (Zot:1)
  2 mottled draconians
  11 white draconians
  4 spark wasps
  12 deep elf annihilators
  A dire elephant (shapeshifter) (Vaults:1)
  18 red draconians
  8 eidola
  15 jiangshi
  Erolcha (D:9)
  47 vault guards
  Josephine (Lair:4)
  21 ettins
  5 deep elf death magi
  5 deep elf high priests
  4 mummy priests
  A minotaur (Lab)
  7 entropy weavers
  4 rakshasas
  11 ogre magi
  12 great orbs of eyes
  11 fire dragons
  22 yaktaur captains
  15 ice dragons
  15 naga warriors
  Harold (Lair:4)
  2 anacondas (shapeshifter)
  A spriggan air mage (Depths:4)
  2 catoblepae (Lair:8)
  28 hydras
  15 anacondas
  5 death knights
  3 ghost crabs
  12 alligators
  9 centaur warriors
  The ghost of Chiseanne the Whirler, a journeyman SpHu of Gozag (D:14)
  8 deep troll earth magi
  A satyr (shapeshifter) (Vaults:4)
  30 dancing weapons
  2 titan zombies
  3 orc high priests
  A spectral fire giant (Crypt:3)
  7 vampire magi
  8 death yaks
  3 tengu warriors
  Urug (Lair:1)
  14 naga sharpshooters
  3 hell knights (Depths:3)
  3 shock serpents
  A large abomination (Elf:3)
  10 deep troll shamans
  8 spriggan berserkers
  A shock serpent (shapeshifter) (Vaults:4)
  The ghost of Shenda the Transmogrifier, a novice DrTm of Qazlal (D:8)
  A soul eater (Crypt:2)
  A titan skeleton (Crypt:1)
  18 deep elf knights
  20 shadow wraiths
  3 iron trolls
  A death scarab (Tomb:1)
  A spriggan druid (Swamp:3)
  7 salamander mystics
  2 unseen horrors
  7 skeletal warriors
  A giant orange brain (Vaults:4)
  7 swamp dragons
  6 flayed ghosts
  17 deep elf archers
  33 deep trolls
  11 naga ritualists
  16 ironbrand convokers
  2 anubis guards (Tomb:1)
  7 harpies
  A spectral wolf spider (Crypt:3)
  3 hill giants
  2 wizards (Depths:4)
  19 orc knights
  A statue (Volcano)
  12 mana vipers
  9 necromancers
  A stone giant zombie (Depths:2)
  A wolf spider (Vaults:4)
  A harpy (shapeshifter) (Vaults:5)
  66 deep elf magi
  A griffon (shapeshifter) (Vaults:4)
  32 phantasmal warriors
  A frost giant zombie (Depths:2)
  5 griffons
  A mana viper (shapeshifter) (Vaults:3)
  10 orc sorcerers
  39 ugly things
  3 hornets
  A spectral ice dragon (Crypt:3)
  A manticore (D:14)
  15 moths of wrath
  10 cyclopes
  An octopode (shapeshifter) (Vaults:1)
  19 salamanders
  The ghost of varam the Ruffian, a novice TrTm of Cheibriados (D:6)
  7 elephants
  2 elf zombies
  An alligator snapping turtle zombie (Crypt:2)
  An ice statue (IceCv)
  5 guardian serpents
  49 black mambas
  2 black mambas (shapeshifter)
  2 frost giant skeletons
  A stone giant skeleton (Crypt:1)
  17 vault sentinels
  8 naga magi
  A water nymph (shapeshifter) (Vaults:5)
  2 gargoyles (D:13)
  A rust devil (Depths:1)
  22 spiny frogs
  2 eyes of devastation
  A torpor snail (Lair:7)
  A shock serpent skeleton (Crypt:1)
  3 rime drakes
  An efreet (Zot:2)
  2 dire elephant skeletons (Crypt:1)
  An anaconda simulacrum (Crypt:2)
  10 komodo dragons
  57 yaktaurs
  A catoblepas skeleton (Crypt:1)
  21 freezing wraiths
  A queen bee (Lair:2)
  A tengu conjurer (Depths:4)
  A queen bee (shapeshifter) (Depths:4)
  12 trolls
  3 jumping spiders
  8 guardian mummies
  20 polar bears
  A death yak skeleton (Crypt:3)
  A shadow dragon simulacrum (Crypt:1)
  3 giant leeches (Swamp:3)
  19 two-headed ogres
  A polar bear (shapeshifter) (Vaults:1)
  Prince Ribbit (D:7)
  A wind drake (shapeshifter) (Vaults:2)
  25 blink frogs
  A boulder beetle (shapeshifter) (Vaults:3)
  2 boulder beetles
  2 harpy skeletons
  8 bog bodies
  A hydra skeleton (Crypt:1)
  42 slime creatures
  A spriggan zombie (Depths:2)
  An ice dragon zombie (Crypt:1)
  14 flying skulls
  13 redbacks
  2 spriggans (shapeshifter)
  3 air elementals
  A guardian serpent skeleton (Crypt:2)
  4 water elementals
  21 wraiths
  7 spriggans
  2 tarantellas
  2 wyverns
  A fire dragon skeleton (Crypt:1)
  10 shadows
  5 basilisks
  4 fire bats (Lair:5)
  A yak (shapeshifter) (Depths:2)
  Grum (D:9)
  51 yaks
  3 vampires
  A steam dragon (D:11)
  2 humans
  40 vampire mosquitoes
  9 hungry ghosts
  24 fire elementals
  10 hippogriffs
  A hill giant skeleton (Crypt:3)
  12 swamp worms
  Menkaure (D:14)
  Edmund (D:6)
  9 wargs
  2 mottled dragons
  9 insubstantial wisps (Swamp:2)
  A soldier ant (shapeshifter) (Vaults:3)
  A spiny frog zombie (Crypt:1)
  63 nagas
  A water moccasin (shapeshifter) (Vaults:2)
  A monstrous demonspawn skeleton (Crypt:1)
  12 water moccasins
  A giant eyeball (Depths:2)
  A swamp drake (shapeshifter) (Depths:4)
  4 porcupines
  5 black bears
  A deep troll skeleton (Crypt:2)
  14 swamp drakes
  An ice dragon simulacrum (Crypt:1)
  71 orc warriors
  A spiny frog skeleton (Crypt:2)
  4 ice beasts
  11 wasps
  An eye of draining (shapeshifter) (Depths:3)
  3 necrophages
  2 eyes of draining
  7 sky beasts
  A swamp dragon zombie (Crypt:1)
  A black bear (shapeshifter) (Vaults:2)
  46 ogres
  6 phantoms
  15 centaurs
  A snapping turtle skeleton (Crypt:1)
  22 wolves
  18 crocodiles
  13 boggarts
  Blork the orc (D:6)
  The ghost of Wooh the Ducker, an amateur SpAK of Lugonu (D:3)
  A cyclops zombie (Crypt:1)
  A draconian zombie (Crypt:3)
  4 earth elementals
  A komodo dragon skeleton (Crypt:1)
  22 giant frogs
  A gnoll sergeant (D:4)
  4 elf skeletons (D:4)
  5 scorpions
  A wyvern skeleton (D:14)
  43 killer bees
  A troll skeleton (Lab)
  A spriggan skeleton (Lab)
  6 wights
  4 electric eels
  4 howler monkeys
  11 jellies
  8 crimson imps
  3 lava snakes (Volcano)
  4 centaur zombies
  A giant frog zombie (D:12)
  4 hounds
  A human zombie (D:4)
  5 centaur skeletons
  33 orc priests
  2 giant frog skeletons
  56 orc wizards
  Crazy Yiuf (D:5)
  A demonspawn skeleton (Crypt:2)
  An iguana (shapeshifter) (Vaults:5)
  9 worker ants
  11 iguanas
  34 sheep
  A centaur simulacrum (Crypt:1)
  A tengu skeleton (Tomb:1)
  A deep dwarf skeleton (Crypt:1)
  2 mottled dragon skeletons
  A hound zombie (D:5)
  7 mummies
  13 gnolls
  A howler monkey skeleton (D:10)
  17 adders
  26 river rats
  2 shadow imps
  14 oozes
  An adder zombie (D:8)
  An adder skeleton (D:6)
  A sheep skeleton (Crypt:2)
  3 worms
  A dart slug (D:2)
  7 giant geckos
  139 orcs
  10 bats
  A bat skeleton (Crypt:3)
  2 bat zombies (D:6)
  6 giant cockroaches
  9 goblins
  5 hobgoblins
  15 jackals
  8 kobolds
  4 quokkas
  A ball python (D:3)
  A ball python zombie (Crypt:3)
  A giant cockroach zombie (Crypt:3)
  10 giant newts
  A jackal skeleton (D:5)
  An orc skeleton (D:4)
  An orc zombie (Crypt:1)
  6 rats
  A rat skeleton (Crypt:1)
  A rat zombie (D:6)
  A butterfly (Lair:6)
  2 crawling corpses (Vaults:3)
  A fungus (Lair:8)
2727 creatures vanquished.

Vanquished Creatures (collateral kills)
  A greater naga (Snake:4)
  A naga ritualist (Snake:4)
  A naga (Snake:4)
3 creatures vanquished.

Vanquished Creatures (others)
  A tengu reaver (Vaults:5)
  3 fire giants
  A draconian scorcher (Zot:1)
  A draconian caller (Zot:2)
  A vault guard (Vaults:4)
  A hydra (Swamp:4)
  A guardian serpent (Snake:4)
  A shock serpent (Snake:4)
  A naga sharpshooter (Snake:2)
  A deep elf knight (Volcano)
  A spriggan druid (Swamp:4)
  2 swamp dragons (Swamp:4)
  A phantasmal warrior (Crypt:3)
  A spiny frog (Swamp:4)
  2 slime creatures (Swamp:1)
  A vampire mosquito (Vaults:2)
  A swamp worm (Swamp:1)
  2 swamp drakes (Swamp:4)
  An ogre (Vaults:5)
  A wolf (IceCv)
  A boggart (Depths:4)
  An orc wizard (Vaults:3)
  A mummy (Tomb:1)
  A giant gecko (D:11)
  A crawling corpse (Vaults:3)
  5 fungi
  5 lost souls
  5 plants
45 creatures vanquished.

Grand Total: 2775 creatures vanquished

Notes
Turn   | Place    | Note
--------------------------------------------------------------
     0 | D:1      | Wooh the Merfolk Gladiator began the quest for the Orb.
     0 | D:1      | Reached XP level 1. HP: 16/16 MP: 1/1
    51 | D:1      | Reached skill level 5 in Polearms
    86 | D:1      | Reached XP level 2. HP: 21/22 MP: 2/2
   542 | D:1      | Reached XP level 3. HP: 27/27 MP: 3/3
  1035 | D:2      | Reached XP level 4. HP: 33/33 MP: 4/4
  1358 | D:3      | Noticed Wooh's ghost (amateur SpAK)
  1404 | D:3      | Found a stormy altar of Qazlal.
  1422 | D:3      | Found a blossoming altar of Fedhas.
  1581 | D:3      | Reached XP level 5. HP: 28/38 MP: 5/5
  1682 | D:3      | Killed Wooh's ghost
  1939 | D:4      | Reached XP level 6. HP: 8/44 MP: 6/6
  2102 | D:4      | Found a bloodstained altar of Trog.
  2178 | D:4      | Reached skill level 10 in Polearms
  2329 | D:4      | Found a shattered altar of Ashenzari.
  2329 | D:4      | Found a snail-covered altar of Cheibriados.
  2330 | D:4      | Found a shimmering altar of Xom.
  2331 | D:4      | Noticed a phantom
  2345 | D:4      | Killed a phantom
  2356 | D:4      | Reached XP level 7. HP: 23/50 MP: 7/7
  2372 | D:4      | Found a shadowy altar of Dithmenos.
  2592 | D:4      | Became a worshipper of Dithmenos the Shadowed
  2819 | D:4      | Reached skill level 5 in Dodging
  2887 | D:4      | Reached XP level 8. HP: 39/60 MP: 8/8
  3093 | D:4      | Reached * piety under Dithmenos
  3279 | D:5      | Entered Level 5 of the Dungeon
  3394 | D:5      | Reached skill level 5 in Fighting
  3426 | D:5      | Found a deep blue altar of Sif Muna.
  3459 | D:5      | Got a pair of distressingly furry gloves
  3468 | D:5      | Identified the +2 pair of gloves of the Last Places {rN++ Str-4 Int+4 Stlth+} (You found it on level 5 of the Dungeon)
  3781 | D:5      | Noticed Crazy Yiuf
  3790 | D:5      | Killed Crazy Yiuf
  4049 | D:6      | Found a staircase to the Ecumenical Temple.
  4079 | D:6      | Noticed Blork the orc
  4098 | D:6      | Killed Blork the orc
  4098 | D:6      | Reached XP level 9. HP: 50/71 MP: 9/9
  4206 | D:6      | Noticed Edmund
  4280 | D:6      | Killed Edmund
  4498 | D:6      | Noticed varam's ghost (novice TrTm)
  4528 | D:6      | Killed varam's ghost
  4797 | D:6      | Found an ancient bone altar of Kikubaaqudgha.
  4930 | D:6      | Reached ** piety under Dithmenos
  5047 | D:6      | Found a glowing silver altar of Zin.
  5299 | D:7      | You fall through a shaft for 2 floors!
  5339 | D:9      | Reached skill level 10 in Dodging
  5379 | D:10     | Entered Level 10 of the Dungeon
  5442 | D:8      | Noticed Shenda's ghost (novice DrTm)
  5457 | D:8      | Noticed a two-headed ogre
  5476 | D:8      | Killed a two-headed ogre
  5521 | D:8      | Killed Shenda's ghost
  5521 | D:8      | Reached XP level 10. HP: 39/83 MP: 10/10
  5898 | D:8      | Found a basalt altar of Yredelemnul.
  5937 | D:8      | Found a sparkling altar of Nemelex Xobeh.
  6164 | D:8      | Found an opulent altar of Gozag.
  6331 | D:8      | Gained mutation: Scrolls take you a little longer to read. [mutagenic meat]
  6332 | D:8      | Gained mutation: Your muscles are strong. (Str +2) [mutagenic meat]
  6333 | D:8      | Gained mutation: Your spells are a little harder to cast, but a little more powerful. [mutagenic meat]
  6335 | D:8      | Gained mutation: You are partially covered in rugged brown scales (AC +1, +3% HP). [mutagenic meat]
  6336 | D:8      | Lost mutation: Your muscles are strong. (Str +2) [mutagenic meat]
  6421 | D:8      | Reached skill level 10 in Fighting
  6784 | D:7      | Noticed Prince Ribbit
  6963 | D:7      | Found an iron altar of Okawaru.
  7084 | D:7      | Killed Prince Ribbit
  7753 | D:9      | Noticed Grum
  7814 | D:9      | Killed Grum
  7899 | D:9      | Reached *** piety under Dithmenos
  7961 | D:9      | Reached XP level 11. HP: 95/95 MP: 11/11
  8098 | D:9      | Noticed Erolcha
  8129 | D:9      | HP: 3/95 [Erolcha/magic dart (8)]
  8751 | D:9      | Killed Erolcha
  9180 | D:10     | Reached **** piety under Dithmenos
  9314 | D:10     | Noticed Gastronok
  9347 | D:10     | Killed Gastronok
  9383 | D:10     | Found a staircase to the Orcish Mines.
  9504 | D:10     | Found Sekhlaptixo's Assorted Antiques.
  9504 | D:10     | Found Fablu's Antique Armour Shoppe.
  9522 | D:10     | Found Onitix's Food Boutique.
  9582 | D:10     | Reached skill level 15 in Dodging
  9815 | D:10     | Found Vaomiwn's Food Emporium.
  9896 | D:10     | Noticed an orc sorcerer
  9916 | D:10     | Killed an orc sorcerer
 10357 | D:11     | Reached XP level 12. HP: 105/108 MP: 12/12
 10412 | D:11     | Gained mutation: Your system is resistant to poisons. [mutagenic meat]
 10730 | D:11     | Reached skill level 1 in Stealth
 10743 | D:11     | Found a staircase to the Lair.
 10765 | D:11     | Reached ***** piety under Dithmenos
 11424 | Lair:1   | Entered Level 1 of the Lair of Beasts
 11737 | Lair:1   | Noticed a four-headed hydra
 11888 | D:11     | Killed a four-headed hydra
 12159 | Lair:1   | Noticed Urug
 12213 | Lair:1   | Killed Urug
 13301 | Lair:2   | Noticed a five-headed hydra
 13324 | Lair:2   | Killed a five-headed hydra
 13324 | Lair:2   | Reached skill level 5 in Stealth
 13578 | Lair:2   | Noticed a four-headed hydra
 13600 | Lair:2   | Killed a four-headed hydra
 13600 | Lair:2   | Reached XP level 13. HP: 93/116 MP: 13/13
 13843 | Lair:2   | Reached skill level 1 in Armour
 14490 | Lair:3   | Found a staircase to the Swamp.
 15164 | Lair:4   | Noticed Harold
 15194 | Lair:4   | Killed Harold
 15216 | Lair:4   | Found a dark tunnel.
 15224 | Volcano  | Entered a volcano
 15337 | Volcano  | Found a radiant altar of Vehumet.
 15550 | Volcano  | Reached skill level 15 in Fighting
 15751 | Lair:4   | Noticed Josephine
 15879 | Lair:4   | Killed Josephine
 16737 | Lair:4   | Found a staircase to the Snake Pit.
 17546 | Lair:5   | Reached XP level 14. HP: 108/127 MP: 14/14
 18281 | Lair:6   | Identified the Incunabulum of the Supportive Frostbite
 18403 | Lair:6   | Identified a scroll of acquirement
 18529 | Lair:6   | Reached ****** piety under Dithmenos
 20219 | Lair:7   | Reached skill level 1 in Evocations
 20279 | Lair:8   | Entered Level 8 of the Lair of Beasts
 20941 | Lair:8   | Reached skill level 5 in Evocations
 21131 | Lair:8   | Reached skill level 1 in Shields
 21302 | Lair:8   | Found a staircase to the Slime Pits.
 21348 | Lair:8   | Reached XP level 15. HP: 125/134 MP: 18/18
 21867 | Orc:1    | Entered Level 1 of the Orcish Mines
 22078 | Orc:1    | Noticed an orc warlord
 22130 | D:10     | Killed an orc warlord
 22455 | Orc:2    | Entered Level 2 of the Orcish Mines
 22535 | Orc:2    | Found Doemor's Distillery.
 22888 | Orc:2    | Noticed an orc warlord
 22976 | Orc:1    | Killed an orc warlord
 22976 | Orc:1    | Reached skill level 5 in Shields
 23686 | Orc:2    | Found Fumim's Antique Armour Emporium.
 23687 | Orc:2    | Found Meubbe Hytso's Antique Weapon Shoppe.
 23689 | Orc:2    | Found Vehy's General Store.
 23689 | Orc:2    | Found Omephe's Jewellery Emporium.
 23762 | Orc:2    | Bought a pair of glowing boots for 166 gold pieces
 24068 | Orc:2    | Found a staircase to the Elven Halls.
 24408 | Elf:1    | Entered Level 1 of the Elven Halls
 25741 | Elf:2    | Reached XP level 16. HP: 145/145 MP: 19/19
 25831 | Elf:2    | Got a pearl-studded leather armour
 25842 | Elf:2    | Identified the +4 leather armour of Objectivity {rC++ Dex+2} (You found it on level 2 of the Elven Halls)
 26069 | Elf:2    | Reached skill level 10 in Shields
 26386 | Elf:2    | Found a runed gate.
 26386 | Elf:2    | Found a runed gate.
 26386 | Elf:2    | Found a runed gate.
 26502 | Elf:2    | Noticed a deep elf blademaster
 26738 | Elf:2    | Killed a deep elf blademaster
 29188 | D:13     | Found an oddly glowing altar of Pakellas.
 29335 | D:13     | Found a labyrinth entrance.
 29346 | Lab      | Entered a labyrinth
 29443 | Lab      | Found an exit through the horrors of the Abyss.
 29589 | Lab      | Found an exit through the horrors of the Abyss.
 29714 | Lab      | Found an exit through the horrors of the Abyss.
 30259 | Lab      | Got a bloodstained chain mail
 30270 | Lab      | Identified the cursed +1 chain mail of Cuje {Int+3} (You found it in a labyrinth)
 30406 | D:13     | Reached XP level 17. HP: 155/155 MP: 20/20
 30477 | D:13     | Found a gate to the Vaults.
 31334 | D:14     | Found a frozen archway.
 31377 | IceCv    | Entered an ice cave
 31730 | IceCv    | Got a dazzling halberd
 31738 | IceCv    | Identified the cursed +2 halberd "Rostofei" {chop, rPois rF+ rN+ Str+2} (You found it in an ice cave)
 32151 | D:14     | Gained mutation: Your flesh is heat resistant. [potion of beneficial mutation]
 32182 | D:14     | Noticed Chiseanne's ghost (journeyman SpHu)
 32235 | D:14     | Killed Chiseanne's ghost
 32966 | Swamp:1  | Entered Level 1 of the Swamp
 33217 | Swamp:1  | Noticed Nikola
 33529 | Swamp:2  | You fall through a shaft!
 33836 | Swamp:3  | Reached skill level 1 in Invocations
 34361 | Swamp:4  | Entered Level 4 of the Swamp
 34532 | Swamp:4  | Reached skill level 5 in Invocations
 34601 | Swamp:4  | Reached XP level 18. HP: 100/166 MP: 21/21
 34784 | Swamp:4  | Got a decaying rune of Zot
 35137 | Swamp:4  | Got a translucent chain mail
 35148 | Swamp:4  | Identified the +7 chain mail of Hats {rPois MR+} (You found it on level 4 of the Swamp)
 35632 | Swamp:2  | Noticed Jorgrun
 35661 | Swamp:2  | Killed Jorgrun
 35865 | Swamp:1  | Killed Nikola
 35994 | Swamp:1  | Noticed Roxanne
 36047 | Swamp:1  | Killed Roxanne
 36753 | Slime:1  | Entered Level 1 of the Pits of Slime
 37021 | Snake:1  | Entered Level 1 of the Snake Pit
 37037 | Snake:1  | Got a jasper-encrusted leather armour
 37048 | Snake:1  | Identified the +0 leather armour "Jioqatip" {rPois rC+ Str-3 Stlth+} (You found it on level 1 of the Snake Pit)
 37071 | Snake:1  | Got a wavering platinum ring
 37086 | Snake:1  | Identified the ring of the Priest {Str+2 Stlth-} (You found it on level 1 of the Snake Pit)
 37241 | Snake:1  | Got a pair of bloodstained gloves
 37257 | Snake:1  | Identified the +2 pair of gloves of Feputuc {Int-2 Dex+3 Stlth+} (You found it on level 1 of the Snake Pit)
 37349 | Snake:1  | Found Tyup's Magic Scroll Boutique.
 38131 | Snake:2  | Noticed Vashnia
 38450 | Snake:2  | Noticed Saint Roka
 38649 | Snake:1  | Killed Saint Roka
 38797 | Snake:2  | Noticed Frances
 38824 | Snake:2  | Killed Frances
 39111 | Snake:2  | Reached XP level 19. HP: 169/174 MP: 22/22
 39142 | Snake:2  | Killed Vashnia
 40368 | Snake:4  | Entered Level 4 of the Snake Pit
 42036 | Snake:4  | Got a serpentine rune of Zot
 42145 | Snake:4  | Reached XP level 20. HP: 187/187 MP: 23/23
 42840 | D:14     | Noticed Menkaure
 42842 | D:14     | Killed Menkaure
 43118 | D:14     | Found a sparkling altar of Nemelex Xobeh.
 43441 | D:15     | Entered Level 15 of the Dungeon
 43461 | D:15     | Noticed Nessos
 43489 | D:15     | Killed Nessos
 43695 | D:15     | Found a staircase to the Depths.
 44259 | Vaults:1 | Entered Level 1 of the Vaults
 45700 | Vaults:2 | You fall through a shaft!
 46680 | Vaults:2 | Reached XP level 21. HP: 201/201 MP: 24/24
 46931 | Vaults:2 | Found a staircase to the Crypt.
 49631 | Vaults:3 | Reached XP level 22. HP: 216/216 MP: 25/25
 50425 | Vaults:4 | Noticed Jory
 51222 | Vaults:4 | Reached skill level 27 in Fighting
 51396 | Vaults:4 | Killed Jory
 51569 | Vaults:4 | Got a silken robe
 51580 | Vaults:4 | Identified the +4 robe "Ijiedgh" {*Confuse rN+ Regen+ Stlth+} (You took it off a salamander stormcaller on level 4 of the Vaults)
 51638 | Vaults:4 | Reached skill level 5 in Armour
 51869 | Vaults:5 | Entered Level 5 of the Vaults
 51875 | Vaults:5 | Noticed an ancient lich
 52339 | Vaults:4 | Killed an ancient lich
 52952 | Vaults:5 | Reached XP level 23. HP: 170/225 MP: 26/26
 53255 | Vaults:5 | Reached skill level 27 in Dodging
 53460 | Vaults:5 | Noticed a golden dragon
 53460 | Vaults:5 | a shadow dragon changed into a golden dragon
 53463 | Vaults:5 | Noticed a juggernaut
 53463 | Vaults:5 | a golden dragon changed into a juggernaut
 53466 | Vaults:5 | a juggernaut changed into a shadow dragon
 53732 | Vaults:5 | Got a silver rune of Zot
 53832 | Vaults:5 | Noticed an ancient lich
 54395 | Vaults:4 | Killed an ancient lich
 54974 | Vaults:5 | Got a slimy wooden ring
 54982 | Vaults:5 | Identified the ring of Disaster {Int+4 Dex+6 Stlth-} (You found it on level 5 of the Vaults)
 55180 | Vaults:5 | Got a spiked chain mail
 55191 | Vaults:5 | Identified the cursed +0 chain mail of Rageired {rF+++ Int+3 Dex-5} (You found it on level 5 of the Vaults)
 55465 | Depths:1 | Entered Level 1 of the Depths
 55930 | Depths:1 | Found a one-way gate to the infinite horrors of the Abyss.
 56012 | Depths:1 | Reached XP level 24. HP: 224/233 MP: 29/29
 56777 | Depths:1 | Found a gateway to Hell.
 57122 | Depths:2 | Noticed Sojobo
 57249 | Depths:2 | Killed Sojobo
 57631 | Depths:2 | Reached skill level 10 in Invocations
 57803 | Depths:2 | Noticed Aizul
 57844 | Depths:2 | Found Poddaky's Weapon Emporium.
 58426 | Depths:3 | Found a one-way gate leading to the halls of Pandemonium.
 58453 | Depths:3 | Found a gateway to a ziggurat.
 58458 | Depths:3 | Paralysed by a giant eyeball for 4 turns
 58481 | Depths:3 | Reached skill level 10 in Armour
 58500 | Depths:3 | Paralysed by a giant eyeball for 2 turns
 58753 | Depths:3 | Noticed Margery
 58803 | Depths:3 | Killed Margery
 58957 | Depths:3 | Got a pair of crude boots
 58968 | Depths:3 | Identified the +0 pair of boots "Nofios" {rElec MR++ SInv Stlth-} (You acquired it on level 3 of the Depths)
 59189 | Depths:3 | Got a translucent ring mail
 59200 | Depths:3 | Identified the cursed +1 ring mail of the Iron City of Dis {rPois rC++ Regen+ Dex-2} (You found it on level 3 of the Depths)
 60106 | Depths:4 | Reached XP level 25. HP: 238/241 MP: 31/31
 60885 | Depths:4 | Noticed Boris
 60902 | Depths:4 | Killed Boris
 60955 | Depths:4 | Noticed an ancient lich
 60955 | Depths:4 | Noticed an ancient lich
 62594 | Depths:5 | Entered Level 5 of the Depths
 63032 | Depths:5 | Noticed Mennas
 63147 | Depths:5 | Killed Mennas
 63401 | Depths:5 | Found a gate to the Realm of Zot.
 63786 | Zot:1    | Entered Level 1 of the Realm of Zot
 64099 | Zot:1    | Noticed a Killer Klown
 64276 | Depths:5 | Killed a Killer Klown
 64352 | Zot:1    | Reached XP level 26. HP: 205/249 MP: 33/33
 64952 | Zot:1    | Noticed an orb of fire
 64959 | Zot:1    | Gained mutation: Scrolls take you longer to read. [an orb of fire]
 64963 | Zot:1    | Gained mutation: You are agile. (Dex +2) [an orb of fire]
 64971 | Zot:1    | Gained mutation: You evolve. [an orb of fire]
 64974 | Zot:1    | Gained mutation: You are dopey. (Int -2) [an orb of fire]
 64992 | Zot:1    | Gained mutation: You expend magic power (3 MP) to strengthen your wands. [an orb of fire]
 65004 | Zot:1    | Gained mutation: You have sharp fingernails. [an orb of fire]
 65016 | Zot:1    | Gained mutation: You tend to lose your temper in combat. [an orb of fire]
 65207 | Depths:5 | Gained mutation: You often lose your temper in combat. [an orb of fire]
 65208 | Depths:5 | Gained mutation: Your body sometimes deteriorates upon taking damage. [an orb of fire]
 65210 | Depths:5 | Gained mutation: Potions and wands are less effective at restoring your health. [an orb of fire]
 65214 | Depths:5 | Gained mutation: Potions and wands are poor at restoring your health. [an orb of fire]
 65219 | Depths:5 | Gained mutation: Armour fits poorly on your strangely shaped body. [an orb of fire]
 65239 | Depths:5 | Gained mutation: Your magical capacity is low (-10% MP). [an orb of fire]
 65276 | Depths:5 | Lost mutation: Potions and wands are poor at restoring your health. [an orb of fire]
 65962 | Zot:2    | Reached skill level 15 in Armour
 66051 | Zot:2    | Lost mutation: Your body sometimes deteriorates upon taking damage. [evolution]
 66066 | Zot:2    | Got a faintly humming shield
 66077 | Zot:2    | Identified the +6 shield of Philately {rElec rN+ Str+2} (You found it on level 2 of the Realm of Zot)
 66924 | Zot:2    | Noticed an orb of fire
 66928 | Zot:2    | You fall through a shaft!
 66948 | Zot:3    | Reached skill level 10 in Stealth
 67612 | Zot:2    | Gained mutation: You are very dopey. (Int -4) [an orb of fire]
 67617 | Zot:2    | Gained mutation: You are frail (-10% HP). [an orb of fire]
 68273 | Elf:3    | Entered Level 3 of the Elven Halls
 68698 | Elf:3    | Gained mutation: You occasionally shout uncontrollably at your foes. [a cacodemon]
 69484 | Elf:3    | Reached XP level 27. HP: 231/231 MP: 30/30
 69733 | Elf:3    | Reached skill level 15 in Shields
 69846 | Elf:3    | Got a glittering lapis lazuli ring
 69848 | Elf:3    | Identified the ring "Ehegiyba" {rC+ Dex+4 SInv} (You found it on level 3 of the Elven Halls)
 69876 | Elf:3    | Got a polished scale mail
 69887 | Elf:3    | Identified the cursed +0 scale mail "Ylyppih" {-Cast +Fly Str+5} (You found it on level 3 of the Elven Halls)
 69901 | Elf:3    | Got an ichor-stained chain mail
 69912 | Elf:3    | Identified the cursed +0 chain mail of the Pleiades {MP+9 Str+4} (You found it on level 3 of the Elven Halls)
 70148 | Elf:3    | Got a brightly glowing scale mail
 70166 | Elf:3    | Identified the +3 scale mail of Resourcefulness {Regen+} (You found it on level 3 of the Elven Halls)
 70247 | Elf:3    | Got a faintly glowing scale mail
 70258 | Elf:3    | Identified the +3 scale mail of the Princeling {-Tele rF- Int+8 Dex+8} (You found it on level 3 of the Elven Halls)
 71243 | Crypt:1  | Entered Level 1 of the Crypt
 71512 | Crypt:1  | Lost mutation: You are frail (-10% HP). [potion of cure mutation]
 71512 | Crypt:1  | Lost mutation: Scrolls take you longer to read. [potion of cure mutation]
 71512 | Crypt:1  | Lost mutation: Scrolls take you a little longer to read. [potion of cure mutation]
 71512 | Crypt:1  | Lost mutation: You have sharp fingernails. [potion of cure mutation]
 73183 | Crypt:2  | Noticed Donald
 73201 | Crypt:2  | Killed Donald
 73244 | Crypt:2  | Noticed Frederick
 73350 | Crypt:3  | Entered Level 3 of the Crypt
 73939 | Orc:2    | Bought a potion of heal wounds for 70 gold pieces
 73939 | Orc:2    | Bought a potion of heal wounds for 70 gold pieces
 74827 | Crypt:3  | Found a staircase to the Tomb.
 75064 | Crypt:3  | Found a basalt altar of Yredelemnul.
 76247 | Tomb:1   | Entered Level 1 of the Tomb of the Ancients
 76481 | Tomb:1   | Noticed a greater mummy
 76518 | Tomb:1   | Noticed an ancient lich
 76528 | Tomb:1   | Noticed a greater mummy
 76528 | Tomb:1   | Noticed a greater mummy
 76528 | Tomb:1   | Noticed a greater mummy
 76528 | Tomb:1   | Noticed a greater mummy
 76528 | Tomb:1   | Noticed a greater mummy
 76530 | Tomb:1   | HP: 7/271 [greater mummy (22)]
 76530 | Tomb:1   | Killed from afar by a greater mummy

Skill      XL: |  1  2  3  4  5  6  7  8  9 10 11 12 13 14 15 16 17 18 19 20 21 22 23 24 25 26 27 |
---------------+----------------------------------------------------------------------------------+-----
Polearms       | 5 6 8 9 10 11 12 14 | 14.0
Fighting       | 4 6 9 11 13 14 15 16 17 18 19 20 22 24 26 27 | 27.0
Dodging        | 5 8 11 13 15 17 18 20 21 24 25 26 27 | 27.0
Stealth        | 5 11 | 11.0
Armour         | 3 5 7 11 13 15 | 15.9
Evocations     | 5 9 |  9.0
Shields        | 2 9 12 14 18 | 18.8
Invocations    | 5 8 11 13 14 | 14.0
Throwing       | |  2.0

Action                   |  1- 3 |  4- 6 |  7- 9 | 10-12 | 13-15 | 16-18 | 19-21 | 22-24 | 25-27 || total
-------------------------+-------+-------+-------+-------+-------+-------+-------+-------+-------++-------
Melee: Trident           |   119 |   185 |       |       |       |       |       |       |       ||   304
       Spear             |       |    20 |   589 |  1139 |  1455 |       |       |       |       ||  3203
       Tailslap          |       |       |     3 |       |     3 |   125 |       |    52 |     9 ||   192
       Scythe            |       |       |       |   382 |       |       |       |       |       ||   382
       Demon trident     |       |       |       |       |  1554 |  2816 |  2981 |  3028 |  4188 || 14567
       Halberd           |       |       |       |       |       |    16 |       |       |       ||    16
Throw: Throwing net      |       |       |     1 |       |     1 |       |     1 |     8 |     9 ||    20
       Javelin           |       |       |       |       |     8 |     1 |     1 |       |       ||    10
       Tomahawk          |       |       |       |       |     1 |       |       |       |       ||     1
Invok: Shadow Form       |       |       |       |       |       |       |       |       |     6 ||     6
 Abil: Stop Flying       |       |       |       |       |     1 |       |       |       |       ||     1
Evoke: Wand              |       |       |       |    12 |     4 |    14 |    19 |     5 |    12 ||    66
       Deck              |       |       |       |     1 |       |       |       |       |       ||     1
       Sack of spiders   |       |       |       |       |       |       |       |       |     1 ||     1
       Box of beasts     |       |       |       |       |       |       |       |       |     2 ||     2
  Use: Scroll            |       |     3 |     9 |    14 |    10 |    18 |     9 |    15 |    19 ||    97
       Potion            |       |     1 |       |     3 |       |     3 |     3 |     6 |     8 ||    24
 Stab: Sleeping          |     2 |     1 |     8 |    22 |    67 |    64 |    46 |     9 |    24 ||   243
       Held in net/web   |       |       |     2 |       |       |       |     2 |    14 |    10 ||    28
       Distracted        |       |       |       |     4 |    13 |    18 |    11 |    10 |    14 ||    70
       Confused          |       |       |       |       |       |       |       |       |     3 ||     3
       Invisible         |       |       |       |       |       |       |       |       |    59 ||    59
  Eat: Chunk             |       |     5 |    10 |    35 |    37 |    27 |    17 |    12 |    15 ||   158
       Beef jerky        |       |       |       |     1 |       |       |       |     3 |       ||     4
       Meat ration       |       |       |       |       |     1 |     2 |     4 |     4 |     1 ||    12
       Bread ration      |       |       |       |       |       |     1 |       |       |    13 ||    14
       Fruit             |       |       |       |       |       |     3 |       |     5 |     8 ||    16
       Royal jelly       |       |       |       |       |       |     1 |       |     1 |       ||     2
       Pizza             |       |       |       |       |       |       |     2 |       |     1 ||     3
Armor: Leather armour    |    21 |    29 |    18 |       |       |   168 |   144 |    18 |       ||   398
       Ring mail         |       |       |    27 |   199 |   300 |       |       |       |       ||   526
       Robe              |       |       |       |       |       |       |       |    74 |       ||    74
       Storm dragon armo |       |       |       |       |       |       |       |   159 |   278 ||   437
       Scale mail        |       |       |       |       |       |       |       |       |   108 ||   108
Dodge: Dodged            |    65 |   130 |   246 |  1332 |  2164 |  1835 |  1504 |  1653 |  2379 || 11308
Block: Shield            |       |       |       |       |   331 |  1352 |   126 |       |  2120 ||  3929
       Large shield      |       |       |       |       |       |       |  2589 |  2745 |  1584 ||  6918
